 Seeded DCSS version 0.29-a0-321-gf1c400731a (webtiles) character file.

Game seed: 16968757970846383692 (custom seed)

64 Hubjo the Skirmisher (level 3, -1/29 HPs)
             Began as a Demonspawn Monk on Apr 4, 2022.
             Slain by Natasha (9 damage)
             ... on level 2 of the Dungeon.
             The game lasted 00:01:29 (1453 turns).

Hubjo the Skirmisher (Demonspawn Monk)              Turns: 1453, Time: 00:01:31

Health: -1/29      AC:  0    Str: 11    XL:     3   Next: 91%
Magic:  3/3        EV: 13    Int: 11    God:
Gold:   51         SH:  0    Dex: 17    Spells: 2/2 levels left

rFire   . . .      SeeInvis .   a - +0 short sword
rCold   . . .      Faith    .   (no shield)
rNeg    . . .      Spirit   .   (no body armour)
rPois   .          Reflect  .   (no helmet)
rElec   .          Harm     .   (no cloak)
rCorr   .          Rampage  .   (no gloves)
Will    .....                   (no boots)
Stlth   ++........              (no amulet)
HPRegen 0.09/turn               (no ring)
MPRegen 0.08/turn               (no ring)

@: slowed, very slow
A: powered by death 2
a: no special abilities


You were on level 2 of the Dungeon.
You visited 1 branch of the dungeon, and saw 2 of its levels.

You collected 51 gold pieces.

Inventory:

Hand Weapons
 a - a +0 short sword (weapon)
Armour
 b - a +0 robe
 n - the +5 leather armour of Card Tricks {rC++ Dex+3 Stlth+}
   (You found it on level 2 of the Dungeon)

   Dex:       It affects your dexterity (+3).
   rC:        It greatly protects you from cold.
   Stlth:     It makes you more stealthy.
Scrolls
 e - 2 scrolls of identify {unknown}
 f - 2 scrolls of magic mapping {unknown}
 g - a scroll of blinking {unknown}
 j - a scroll of noise {unknown}
 l - a scroll of enchant weapon {unknown}
 m - a scroll of immolation {unknown}
Potions
 c - a potion of ambrosia
 d - a potion of mutation {unknown}
 h - a potion of haste {unknown}
 i - a potion of cancellation {unknown}
 k - a potion of brilliance {unknown}


   Skills:
 + Level 3.5 Fighting
 + Level 3.1 Short Blades
 + Level 3.2 Dodging
 + Level 2.6 Stealth


You had 2 spell levels left.
You didn't know any spells.
Your spell library was empty.

Dungeon Overview and Level Annotations

Branches:
Dungeon (2/15)

Altars:

Annotations:
D:2 Natasha


Innate Abilities, Weirdness & Mutations

You regenerate health from kills.


Message History

Natasha misses you.
You barely miss Natasha.
Natasha is almost dead.
Natasha stares at you and mumbles some strange words.
You feel yourself slow down.
You hit Natasha.
You kill Natasha!
Natasha growls in agony!
There is an open door here.
You feel yourself speed up.
There is an open door here.
You see here the +5 leather armour of Card Tricks {rC++ Dex+3 Stlth+}.
n - the +5 leather armour of Card Tricks {rC++ Dex+3 Stlth+} Natasha, Servant of Life and Death comes into view.
There are no items here.
You start removing your armour.
You continue taking off your +0 robe.
Natasha stares at you and mumbles some strange words.
Keep disrobing?
The magic dart hits you.
* * * LOW HITPOINT WARNING * * *
You continue taking off your +0 robe.
Natasha mumbles some strange words.
Natasha shimmers violently.
Natasha casts a spell at you.
You feel yourself slow down.
You continue taking off your +0 robe.
Natasha casts a spell.
You continue taking off your +0 robe.
You finish taking off your +0 robe.
Natasha howls an incantation.
Natasha's front paws start to glow.
You start putting on your armour.
You continue putting on the +5 leather armour of Card Tricks {rC++ Dex+3 Stlth+}.
Natasha closely misses you.
You continue putting on the +5 leather armour of Card Tricks {rC++ Dex+3 Stlth+}.
Natasha claws you.
Keep equipping yourself?
* * * LOW HITPOINT WARNING * * *
The crimson imp blinks!
Natasha claws you!
You die...

########
#>########......#
#....<.....####.#
######..(..#####.#
#.....ยง.h@(5.....#
#.####.....##.####
#.<...##.#
###.####.# #.# #.#
#.# #.# #.# #.# #.#
#.# #.# #.# ..


You could see Natasha and a crimson imp (summoned).

Vanquished Creatures
  Natasha (D:2)
  2 dart slugs (D:1)
  3 endoplasms
  2 giant cockroaches (D:1)
  5 goblins (D:1)
  4 hobgoblins (D:1)
  2 kobolds (D:1)
  2 quokkas (D:1)
  3 ball pythons (D:1)
  2 bats (D:1)
  A frilled lizard (D:1)
  6 rats (D:1)
33 creatures vanquished.

Notes
Turn   | Place    | Note
-------+----------+-------------------------------------------
     0 | D:1      | Hubjo the Demonspawn Monk began the quest for the Orb.
     0 | D:1      | Reached XP level 1. HP: 18/18 MP: 1/1
   214 | D:1      | Gained mutation: You regenerate a little health from kills.
                  | [demonic ancestry]
   214 | D:1      | Reached XP level 2. HP: 24/24 MP: 2/2
   740 | D:1      | Gained mutation: You regenerate health from kills. [demonic
                  | ancestry]
   740 | D:1      | Reached XP level 3. HP: 21/29 MP: 3/3
  1341 | D:2      | Identified the +5 leather armour of Card Tricks {rC++ Dex+3
                  | Stlth+}
  1384 | D:2      | Noticed Natasha
  1398 | D:2      | Killed Natasha
  1445 | D:2      | Noticed Natasha
  1453 | D:2      | Slain by Natasha

Illustrated notes

Levels and vault maps discovered:
D:1:      lemuel_arrival_rhombus, layout_loops_ring,
          hangedman_decor_clover_reticule
D:2:      kennysheep_six_static_rooms, layout_loops_ring,
          shapermc_ecumenical_altar_venn, uniq_natasha

Skill      XL: |  1  2 |
---------------+-------+-----
Stealth        | 2 |  2.6
Short Blades   | 3 |  3.1
Dodging        | 3 |  3.2
Fighting       | |  3.5

Action                   || total
-------------------------++-------
Melee: Short sword       ||   112
 Stab: Sleeping          ||     6
Armor: Robe              ||    18
Dodge: Dodged            ||    62

Table legend: (Time is in decaauts)
 A = Elapsed time spent in this place.
 B = Non-inter-level travel time spent in this place.
 C = Inter-level travel time spent in this place.
 D = Time resting spent in this place.
 E = Time spent auto-exploring this place.
 F = Levels seen in this place.
 G = Mean time per level.
                   A        B        C        D        E       F      G
               +--------+--------+--------+--------+--------+-----+--------+
         Total |   1458 |   1288 |    170 |      0 |   1016 |   2 |  729.0 |
       Dungeon |   1458 |   1288 |    170 |      0 |   1016 |   2 |  729.0 |
               +--------+--------+--------+--------+--------+-----+--------+

Top non-repeatable levels by time:
     D:1: 1298 daAuts
     D:2: 160 daAuts
